 Dungeon Crawl Stone Soup version 0.27.1 (webtiles) character file.

Game seed: 10732853170656625414

324 ZARRMARR the Skirmisher (level 6, -1/51 HPs)
             Began as a Palentonga Fighter on Aug 29, 2021.
             Was an Initiate of Okawaru.
             Slain by an adder (3 damage)
             ... on level 4 of the Dungeon.
             The game lasted 00:14:32 (4442 turns).

ZARRMARR the Skirmisher (Palentonga Fighter)        Turns: 4442, Time: 00:14:32

Health: -1/51      AC:  7    Str: 22    XL:     6   Next: 23%
Magic:  6/6        EV:  6    Int:  8    God:    Okawaru [......]
Gold:   96         SH:  9    Dex:  9    Spells: 5/5 levels left

rFire    . . .     SeeInvis +   e - +2 war axe (vorpal)
rCold    . . .     Faith    .   c - +0 kite shield
rNeg     . . .     Spirit   .   b - +0 scale mail
rPois    .         Reflect  .   (no helmet)
rElec    .         Harm     .   h - +0 cloak
rCorr    .         Rampage  .   (no gloves)
Will     .....                  (no barding)
Stlth    ..........             (no amulet)
HPRegen  0.17/turn              (no ring)
MPRegen  0.10/turn              (no ring)

@: mighty
A: large, rugged brown scales 3, see invisible, deformed body, roll 1, armoured
tail
a: Rolling Charge, Renounce Religion


You were on level 4 of the Dungeon.
You worshipped Okawaru.
Okawaru was noncommittal.
You visited 1 branch of the dungeon, and saw 4 of its levels.

You collected 96 gold pieces.

Inventory:

Hand Weapons
 a - a +0 flail
 e - a +2 vorpal war axe (weapon)
Armour
 b - a +0 scale mail (worn)
 c - a +0 kite shield (worn)
 h - a +0 cloak (worn)
Jewellery
 k - a ring of ice
Scrolls
 f - a scroll of brand weapon {unknown}
 l - 2 scrolls of identify {unknown}
 m - 2 scrolls of vulnerability {unknown}
 o - a scroll of fog {unknown}
 p - a scroll of immolation {unknown}
Potions
 d - a potion of might
 g - a potion of invisibility {unknown}
 i - 2 potions of brilliance {unknown}
 j - 2 potions of resistance {unknown}
 n - a potion of lignification {unknown}
 q - a potion of mutation {unknown}


   Skills:
 + Level 4.2 Fighting
 + Level 1.5(3.0) Axes
 - Level 3.9(4.1) Maces & Flails
 - Level 2.4 Armour
 + Level 4.0 Shields


You had 5 spell levels left.
You didn't know any spells.
Your spell library was empty.

Dungeon Overview and Level Annotations

Branches:
Dungeon (4/15)
 Temple: D:4-7

Altars:
Gozag
Okawaru
Yredelemnul
The Shining One

Annotations:
D:4 Eustachio


Innate Abilities, Weirdness & Mutations

You are completely covered in rugged brown scales. (AC +3, +7% HP)
You have supernaturally acute eyesight. (SInv)
Armour fits poorly on your strangely shaped body.
You can roll at nearby foes to attack.
You have a long armoured tail.


Message History

Eustachio hits you with a +3 falchion of electrocution.
* * * LOW HITPOINT WARNING * * *
The shadow imp barely misses you.
The crimson imp hits you but does no damage.
You barely miss Eustachio.
Eustachio is lightly wounded.
You slash the shadow imp!
You kill the shadow imp!
You hit the crimson imp but do no damage.
You closely miss the ufetubus. The ufetubus hits you.
* * * LOW HITPOINT WARNING * * *
The ufetubus barely misses you. Eustachio barely misses you.
The crimson imp hits you but does no damage.
The ufetubus barely misses you. You block the ufetubus's attack.
Eustachio casts a spell.
Eustachio blinks!
You block the crimson imp's attack.
You closely miss Eustachio.
Eustachio is lightly wounded.
You closely miss the ufetubus. You miss the crimson imp.
The ufetubus hits you but does no damage. x2
Eustachio hits you but does no damage. The ufetubus barely misses you.
You block the ufetubus's attack.
The crimson imp hits you but does no damage.
You slash Eustachio!
Your tail-slap misses Eustachio.
Eustachio is heavily wounded.
You closely miss the crimson imp. You slash the ufetubus!
You kill the ufetubus!
Eustachio mumbles some strange words.
The crimson imp barely misses you.
Eustachio hits you with a +3 falchion of electrocution.
* * * LOW HITPOINT WARNING * * *
You slash Eustachio!
Eustachio is almost dead.
You slash the crimson imp!
You kill the crimson imp!
You hit the adder. You slash the quokka!
You kill the quokka!
The quokka's corpse disappears in a puff of smoke!
You block the adder's attack. The adder bites you.
You die...

##. ## .... .. .. . .#
######. .#.## .......
.>..###.......
#.....##....##.......#
#....S§...#.##^......#
#.....@#).#..........#
#.....@...#..#...##..#
###.#r....#..##......##
#.####..#..##.##.....
#....................
###########.##......#
........##.#.#..#
........##.#.#..#
...........#.#..#


You could see Eustachio, an adder and a river rat (summoned).

Vanquished Creatures
  An ogre (D:4)
  2 iguanas (D:4)
  An orc wizard (D:4)
  3 adders
  4 gnolls
  A worm (D:2)
  3 dart slugs
  An endoplasm (D:2)
  5 giant cockroaches
  9 hobgoblins
  14 jackals
  3 quokkas
  10 ball pythons
  4 bats
  3 frilled lizards
  11 goblins
  6 kobolds
  5 rats
86 creatures vanquished.

Notes
Turn   | Place    | Note
-------+----------+-------------------------------------------
     0 | D:1      | ZARRMARR the Palentonga Fighter began the quest for the
                  | Orb.
     0 | D:1      | Reached XP level 1. HP: 19/19 MP: 1/1
    61 | D:1      | Reached XP level 2. HP: 9/25 MP: 2/2
   459 | D:1      | Reached XP level 3. HP: 14/31 MP: 3/3
  1399 | D:2      | Found a faded altar of an unknown god.
  1440 | D:2      | Reached XP level 4. HP: 15/37 MP: 4/4
  2212 | D:3      | Found a basalt altar of Yredelemnul.
  2368 | D:3      | Found a glowing golden altar of the Shining One.
  2670 | D:3      | Reached XP level 5. HP: 43/43 MP: 5/5
  2671 | D:3      | Found an iron altar of Okawaru.
  2680 | D:3      | Became a worshipper of Warmaster Okawaru
  2751 | D:3      | Found an opulent altar of Gozag.
  2754 | D:3      | Found an opulent altar of Gozag.
  2754 | D:3      | Found an opulent altar of Gozag.
  3134 | D:3      | Found an opulent altar of Gozag.
  3333 | D:3      | Found a basalt altar of Yredelemnul.
  3386 | D:3      | Found an opulent altar of Gozag.
  3386 | D:3      | Found an opulent altar of Gozag.
  3391 | D:3      | Found an opulent altar of Gozag.
  3574 | D:3      | Found a glowing golden altar of the Shining One.
  3875 | D:3      | Found an opulent altar of Gozag.
  4431 | D:4      | Noticed an ogre
  4433 | D:4      | Killed an ogre
  4434 | D:4      | Reached skill level 1 in Axes
  4434 | D:4      | Reached XP level 6. HP: 24/51 MP: 6/6
  4434 | D:4      | Noticed Eustachio
  4441 | D:4      | HP: 2/51 [Eustachio (3)]
  4442 | D:4      | Slain by an adder

Illustrated notes

Levels and vault maps discovered:
D:1:      amcnicky_arrival_abandoned_market, layout_basic
D:2:      layout_rooms, ebering_ecumenical_altar_hall
D:3:      layout_basic, tso_metal_star, nicolae_gozag_conspicuous_consumption,
          mainiacjoe_overflow_boulevard, kennysheep_okawaru_gauntlet,
          minmay_quadrilaterals
D:4:      layout_basic, minmay_vboxes, uniq_eustachio

Skill      XL: |  1  2  3  4  5 |
---------------+----------------+-----
Maces & Flails | 3 |  3.9
Shields        | 3 4 |  4.0
Fighting       | 4 |  4.2
Axes           | 1 |  1.5
Armour         | |  2.4

Action                   |  1- 3 |  4- 6 || total
-------------------------+-------+-------++-------
Melee: Flail             |   113 |    49 ||   162
       Tailslap          |     7 |     5 ||    12
       War axe           |       |    51 ||    51
       Halberd           |       |     3 ||     3
Throw: Dart              |    20 |    46 ||    66
 Abil: Rolling Charge    |    15 |    20 ||    35
  Use: Scroll            |       |     1 ||     1
       Potion            |       |     1 ||     1
Armor: Scale mail        |    78 |    56 ||   134
Dodge: Dodged            |    33 |    34 ||    67
Block: Kite shield       |    76 |    57 ||   133
